 Dungeon Crawl Stone Soup version 0.14-a0-519-g334afa2 (webtiles) character file.

165 LostMyPassword the Ruffian (level 4, 37/37 HPs)
             Began as a Ghoul Monk on Nov 1, 2013.
             Quit the game on Level 2 of the Dungeon.
             The game lasted 00:08:01 (1461 turns).

LostMyPassword the Ruffian (Ghoul Monk)             Turns: 1461, Time: 00:08:01

HP  37/37        AC  2     Str 15      XL: 4   Next: 61%
MP   2/2         EV 12     Int  5      God:
Gold 72          SH  0     Dex 11      Spells:  0 memorised,  3 levels left

Res.Fire  : + . .   See Invis. : .     - Unarmed
Res.Cold  : + . .   Warding    : .   a - +0 robe
Life Prot.: + + +   Conserve   : .   (no shield)
Res.Poison: +       Res.Corr.  : .   i - +0 cap (curse)
Res.Elec. : .       Clarity    : .   (no cloak)
Sust.Abil.: . .     Spirit.Shd : .   (no gloves)
Res.Mut.  : .       Stasis     : .   (no boots)
Res.Rott. : +       Flight     : .   (no amulet)
Saprovore : + + +                    (no ring)
                                     h - ring of protection from fire {unknown}

@: rotting, slightly resistant to hostile enchantments, fairly stealthy
A: rotting body, claws 1, carnivore 3, cold resistance 1, life protection 3,
poison resistance, saprovore 3, slow healing 1, torment resistance, unbreathing
a: no special abilities


You were on level 2 of the Dungeon.
You were not hungry.

You visited 1 branch of the dungeon, and saw 2 of its levels.

You collected 72 gold pieces.

Inventory:

Armour
 a - a +0 robe (worn)
 i - a cursed +0 cap (worn)
Comestibles
 d - a rotting chunk of gnoll flesh
 g - a rotting chunk of adder flesh
 k - a chunk of giant cockroach flesh
Scrolls
 c - a scroll of amnesia {unknown}
 f - 3 scrolls of fog {unknown}
 n - a scroll of remove curse {unknown}
Jewellery
 h - a ring of protection from fire (left claw) {unknown}
Potions
 b - 3 potions of brilliance {unknown}
 e - 2 potions of confusion {unknown}


   Skills:
 - Level 3.2 Fighting
 - Level 2.6 Dodging
 - Level 2.1 Stealth
 * Level 6.4 Unarmed Combat


You had 3 spell levels left.
You didn't know any spells.

Dungeon Overview and Level Annotations

Branches:
Dungeon (2/27)

Altars:
Trog


Innate Abilities, Weirdness & Mutations

Your body is rotting away.
You have sharp fingernails.
You are carnivorous and can eat meat at any time.
Your flesh is cold resistant.
You are immune to negative energy.
Your system is resistant to poisons.
You thrive on rotten meat.
You heal slowly when monsters are visible.
You are immune to unholy pain and torment.
You can survive without breathing.


Message History

Found 22 stones.
You hit the adder but do no damage. The adder closely misses you.
You hit the adder.
The adder begins to bleed from its wounds!
The adder is heavily wounded.
The adder barely misses you.
You closely miss the adder.
The adder is heavily wounded.
The adder bites you.
You hit the adder.
You kill the adder!
You start resting.
HP restored.
A goblin comes into view.
The goblin hits you but does no damage.
You claw the goblin!
You kill the goblin!
There is a bloodstained altar of Trog here.
Autopickup is now off.
Are you sure you want to abandon this character and quit the game? (Confirm with "yes".)

#.# #.#######
######.......#
#............#
#.####.####..#
##.....## ## ## ###
#.......# .#
#....#.......#.# .#
#........@.....#
)#######....#.......#.#
............#...(...#.#
.#########. ##.....##
.# #. ###.### .# # ...
## .... ####


There were no monsters in sight!

Vanquished Creatures
  3 gnolls (D:2)
  2 adders (D:2)
  A giant gecko (D:1)
  2 oozes (D:2)
  5 bats
  6 goblins
  5 hobgoblins
  2 giant cockroaches (D:2)
  11 giant newts (D:1)
  5 kobolds (D:1)
  A quokka (D:2)
  5 rats
48 creatures vanquished.

Notes
Turn   | Place    | Note
--------------------------------------------------------------
     0 | D:1      | LostMyPassword, the Ghoul Monk, began the quest for the Orb.
     0 | D:1      | Reached XP level 1. HP: 17/17 MP: 0/0
   214 | D:1      | Reached XP level 2. HP: 21/24 MP: 1/1
   311 | D:1      | Reached skill level 5 in Unarmed Combat
   644 | D:1      | Reached XP level 3. HP: 26/30 MP: 2/2
  1072 | D:2      | Reached skill level 6 in Unarmed Combat
  1072 | D:2      | Reached XP level 4. HP: 3/37 MP: 2/2
  1414 | D:2      | Found a bloodstained altar of Trog.
  1461 | D:2      | Quit the game

Action                   |  1- 3 |  4- 6 || total
-------------------------+-------+-------++-------
Melee: Unarmed           |   131 |    22 ||   153
 Stab: Sleeping          |     1 |     1 ||     2
